 Dungeon Crawl Stone Soup version 0.31-a0-152-g6aa68a64a1 (webtiles) character file.

Game seed: 6519413016450240451

193 qw the Shooter (level 5, 0/49 HPs)
             Began as a Naga Hunter on June 9, 2023.
             Slain by a kobold
             ... wielding a +0 dagger
              (3 damage)
             ... on level 3 of the Dungeon.
             The game lasted 00:00:58 (1919 turns).

qw the Shooter (Naga Hunter)                        Turns: 1919, Time: 00:00:59

Health: 0/49       AC:  0    Str: 13    XL:     5   Next: 72%
Magic:  5/5        EV: 14    Int: 10    God:
Gold:   105        SH:  0    Dex: 16    Spells: 4/4 levels left

rFire   . . .        Y - melded +0 shortbow
rCold   . . .        (shield currently unavailable)
rNeg    . . .        c - melded +0 leather armour
rPois   .            f - melded +0 helmet
rElec   .            (cloak currently unavailable)
rCorr   .            i - melded +0 pair of gloves
SInv    +            (no barding)
Will    .....        (no amulet)
Stlth   ++           (ring currently unavailable)
HPRegen 0.28/turn    (ring currently unavailable)
MPRegen 0.09/turn

%: no passive effects
@: short of breath, pig-form (expiring), very quick
A: fast, no casting, AC +1, small, see invisible, (deformed body), (poison
resistance), (slowness 2), spit poison 1, (naga tail 1)
a: Spit Poison


You were on level 3 of the Dungeon.
You were a filthy swine.
You visited 1 branch of the dungeon, and saw 3 of its levels.

You collected 105 gold pieces.


Innate Abilities, Weirdness & Mutations

You are a filthy swine.
You move quickly.
Your equipment is almost entirely melded.
You are incapable of wielding weapons or throwing items.
You cannot cast spells.
((Your serpentine skin is tough. (AC +1)))
You have supernaturally acute eyesight. (SInv)
((Armour fits poorly on your strangely shaped body.))
((Your system is resistant to poisons. (rPois)))
((You cover ground very slowly.))
You can spit poison.
((You have a snake-like lower body.))


   Skills:
 - Level 3.0 Fighting
 + Level 5.8 Ranged Weapons
 - Level 1.5 Dodging
 - Level 1.5 Stealth


You had 4 spell levels left.
You didn't know any spells.
Your spell library was empty.

Inventory:

Hand Weapons
 Y - a +0 shortbow (melded)
Armour
 c - a +0 leather armour (melded)
 f - a +0 helmet (melded)
 i - a +0 pair of gloves (melded)
Scrolls
 g - a scroll of identify
Potions
 a - a potion of haste {unknown}
 d - a potion of curing
 e - a potion of heal wounds {unknown}
 h - a potion of degeneration {unknown}
 j - a potion of lignification {unknown}

Dungeon Overview and Level Annotations

Branches:
Dungeon (3/15)

Altars:


Message History

You hit Natasha but do no damage.
Natasha is heavily wounded.
You have got your breath back.
The cerulean imp hits you from afar with a +1 spear.
The cerulean imp barely misses you. Natasha barely misses you.
The kobold hits you with a +0 dagger.
1915 ||| INVOKING Spit Poison.
Aiming: Spit Poison (1% risk of failure)
Press: ? - help, Shift-Dir - straight line, f/p - Natasha The splash of poison misses Natasha.
The cerulean imp barely misses you.
The cerulean imp hits you with a +0 spear.
Natasha claws you. The kobold hits you with a +0 dagger.
You hit Natasha.
Natasha is severely wounded.
The cerulean imp barely misses you.
The cerulean imp hits you with a +0 spear.
Natasha claws you.
You completely miss Natasha.
Natasha is severely wounded.
The kobold hits you with a +0 dagger. The cerulean imp closely misses you.
The cerulean imp hits you with a +0 spear.
Natasha casts a spell at you. You resist with some effort.
You closely miss Natasha.
Natasha is severely wounded.
You have got your breath back.
The kobold hits you with a +0 dagger.
The cerulean imp hits you from afar with a +1 spear.
The cerulean imp hits you with a +0 spear.
1919 ||| INVOKING Spit Poison.
Aiming: Spit Poison (1% risk of failure)
Press: ? - help, Shift-Dir - straight line, f/p - Natasha The splash of poison hits Natasha.
You kill Natasha!
Natasha screams in fury as she dies!
The cerulean imp disappears in a puff of smoke! x2
Your transformation is almost over.
The kobold hits you with a +0 dagger.
You die...

#.#... #.#### #.# # .
#.#### ..# ###### #.....
.... ##~~~~## ####.###
..#..###~~~~~~###.......
.......¤....~~.....#.###
.%...¤.h.....~~....#...[
#...!..%K~~....~...#.###
#.......~..~~..%........
#>......~....~~.........
#........~~}........###.
#......%..}~~...........
.......~~....~.......###
......~..~~..~. .


You could see a kobold.

Vanquished Creatures
  2 orc priests
  Natasha (D:3)
  Robin (D:2)
  3 adders
  A worm (D:2)
  A dart slug (D:3)
  3 orcs
  5 ball pythons
  3 bats
  8 endoplasms
  6 giant cockroaches
  15 goblins
  8 hobgoblins
  5 jackals
  6 kobolds
  5 quokkas
  A frilled lizard (D:1)
  5 rats
79 creatures vanquished.

Notes
Turn   | Place    | Note
-------+----------+-------------------------------------------
     0 | D:1      | qw the Naga Hunter began the quest for the Orb.
     0 | D:1      | Reached XP level 1. HP: 19/19 MP: 1/1
     0 | D:1      | 0 ||| qw: Version: 0.2-a-122-gbc61b45
     0 | D:1      | 0 ||| qw: Game counter: 3474
     0 | D:1      | 0 ||| qw: Always use a shield: true
     0 | D:1      | 0 ||| qw: God list: Okawaru
     0 | D:1      | 0 ||| qw: Allow faded altars: false
     0 | D:1      | 0 ||| qw: Do Orc after D:15 true
     0 | D:1      | 0 ||| qw: Do second Lair branch before Depths: true
     0 | D:1      | 0 ||| qw: Lair rune preference: random
     0 | D:1      | 0 ||| qw: Plans: Normal
     0 | D:1      | 0 ||| PLANNING D:1-11
    36 | D:1      | 36 ||| INVOKING Spit Poison.
    56 | D:1      | 56 ||| INVOKING Spit Poison.
    57 | D:1      | 57 ||| INVOKING Spit Poison.
    77 | D:1      | 77 ||| INVOKING Spit Poison.
   108 | D:1      | 108 ||| INVOKING Spit Poison.
   115 | D:1      | 115 ||| INVOKING Spit Poison.
   119 | D:1      | 119 ||| INVOKING Spit Poison.
   121 | D:1      | Reached skill level 4 in Ranged Weapons
   121 | D:1      | Reached XP level 2. HP: 22/26 MP: 2/2
   180 | D:1      | 180 ||| INVOKING Spit Poison.
   185 | D:1      | 185 ||| INVOKING Spit Poison.
   275 | D:1      | 275 ||| INVOKING Spit Poison.
   290 | D:1      | 290 ||| INVOKING Spit Poison.
   321 | D:1      | 321 ||| INVOKING Spit Poison.
   360 | D:1      | 360 ||| INVOKING Spit Poison.
   366 | D:1      | 366 ||| INVOKING Spit Poison.
   401 | D:1      | Reached XP level 3. HP: 32/32 MP: 3/3
   440 | D:1      | 440 ||| INVOKING Spit Poison.
   543 | D:1      | 543 ||| INVOKING Spit Poison.
   549 | D:1      | 549 ||| INVOKING Spit Poison.
   555 | D:1      | 555 ||| INVOKING Spit Poison.
   589 | D:1      | 589 ||| INVOKING Spit Poison.
   609 | D:1      | 609 ||| INVOKING Spit Poison.
   615 | D:1      | 615 ||| INVOKING Spit Poison.
   959 | D:1      | 959 ||| UPGRADING to +0 pair of gloves.
   964 | D:1      | 964 ||| READING 2 scrolls labelled QAKUBO OMUQA.
  1024 | D:1      | 1024 ||| READING 2 scrolls labelled WIEK SOSUS.
  1025 | D:1      | 1025 ||| READING scroll labelled HADGHU RAILEN.
  1026 | D:1      | 1026 ||| DRINKING 2 lumpy coppery potions.
  1027 | D:1      | 1027 ||| DROPPING scroll of torment.
  1028 | D:1      | 1028 ||| DROPPING scroll of butterflies.
  1029 | D:1      | 1029 ||| DROPPING scroll of amnesia.
  1039 | D:2      | 1039 ||| INVOKING Spit Poison.
  1043 | D:2      | 1043 ||| INVOKING Spit Poison.
  1049 | D:2      | 1049 ||| INVOKING Spit Poison.
  1051 | D:2      | 1051 ||| STAIRDANCE
  1053 | D:1      | 1053 ||| INVOKING Spit Poison.
  1073 | D:2      | 1073 ||| INVOKING Spit Poison.
  1082 | D:2      | Reached skill level 5 in Ranged Weapons
  1085 | D:2      | Noticed Robin
  1087 | D:2      | 1087 ||| INVOKING Spit Poison.
  1088 | D:2      | Killed Robin
  1089 | D:2      | Reached XP level 4. HP: 31/39 MP: 4/4
  1093 | D:2      | 1093 ||| INVOKING Spit Poison.
  1098 | D:2      | 1098 ||| INVOKING Spit Poison.
  1103 | D:2      | 1103 ||| INVOKING Spit Poison.
  1107 | D:2      | 1107 ||| INVOKING Spit Poison.
  1109 | D:2      | 1109 ||| FLEEEEING.
  1113 | D:2      | 1113 ||| INVOKING Spit Poison.
  1119 | D:2      | 1119 ||| INVOKING Spit Poison.
  1124 | D:2      | 1124 ||| INVOKING Spit Poison.
  1140 | D:2      | 1140 ||| FLEEEEING.
  1144 | D:2      | 1144 ||| STAIRDANCE
  1226 | D:2      | 1226 ||| INVOKING Spit Poison.
  1247 | D:2      | 1247 ||| INVOKING Spit Poison.
  1251 | D:2      | 1251 ||| INVOKING Spit Poison.
  1253 | D:2      | Reached skill level 3 in Fighting
  1257 | D:2      | 1257 ||| INVOKING Spit Poison.
  1270 | D:2      | 1270 ||| INVOKING Spit Poison.
  1289 | D:2      | 1289 ||| INVOKING Spit Poison.
  1303 | D:2      | 1303 ||| INVOKING Spit Poison.
  1317 | D:2      | 1317 ||| INVOKING Spit Poison.
  1323 | D:2      | Reached XP level 5. HP: 49/49 MP: 5/5
  1329 | D:2      | 1329 ||| INVOKING Spit Poison.
  1333 | D:2      | 1333 ||| INVOKING Spit Poison.
  1346 | D:2      | 1346 ||| INVOKING Spit Poison.
  1353 | D:2      | 1353 ||| INVOKING Spit Poison.
  1465 | D:2      | 1465 ||| INVOKING Spit Poison.
  1615 | D:2      | 1615 ||| UPGRADING to +0 helmet.
  1620 | D:2      | 1620 ||| READING scroll labelled NIMACK KIEKONG.
  1621 | D:2      | 1621 ||| READING 2 scrolls labelled VUENEN XIUJICSI.
  1622 | D:2      | 1622 ||| READING scroll labelled ARICONLOIPP.
  1654 | D:3      | 1654 ||| PLANNING SEWER
  1654 | D:3      | 1654 ||| INVOKING Spit Poison.
  1656 | D:3      | 1656 ||| STAIRDANCE
  1711 | D:3      | 1711 ||| INVOKING Spit Poison.
  1718 | D:3      | 1718 ||| INVOKING Spit Poison.
  1719 | D:3      | 1719 ||| STAIRDANCE
  1724 | D:2      | 1724 ||| INVOKING Spit Poison.
  1727 | D:2      | 1727 ||| INVOKING Spit Poison.
  1815 | D:2      | 1815 ||| READING scroll labelled BADIBI NIXY.
  1880 | D:3      | 1880 ||| INVOKING Spit Poison.
  1898 | D:3      | Noticed Natasha
  1900 | D:3      | 1900 ||| INVOKING Spit Poison.
  1907 | D:3      | 1907 ||| INVOKING Spit Poison.
  1915 | D:3      | 1915 ||| INVOKING Spit Poison.
  1917 | D:3      | HP: 10/49 [cerulean imp/+0 spear[Natasha] (4)]
  1918 | D:3      | HP: 3/49 [cerulean imp/+0 spear[Natasha] (2)]
  1919 | D:3      | 1919 ||| INVOKING Spit Poison.
  1919 | D:3      | Killed Natasha
  1919 | D:3      | Slain by a kobold

Levels and vault maps discovered:
D:1:      eino_arrival_cavern_a, layout_basic, minmay_tromino_mix6
D:2:      layout_rooms, uniq_robin
D:3:      cheibrodos_helix_gallery, layout_basic,
          mainiacjoe_overflow_catwalk_spiral, mainiacjoe_overflow_tiny_flanked,
          gup_sewer_entry_pipe, serial_bayou_pond_c, kennysheep_generic_room_7,
          uniq_natasha

Skill      XL: |  1  2  3  4 |
---------------+-------------+-----
Ranged Weapons | 4 5 |  5.8
Fighting       | 3 |  3.0
Dodging        | |  1.5
Stealth        | |  1.5

Action                     |  1- 3 |  4- 6 || total
---------------------------+-------+-------++-------
  Melee: Unarmed           |       |    10 ||    10
   Fire: Shortbow          |    76 |    90 ||   166
Ability: Spit Poison       |    26 |    30 ||    56
    Use: Scroll            |     3 |     4 ||     7
         Potion            |     1 |       ||     1
 Armour: Leather armour    |     9 |    14 ||    23
  Dodge: Dodged            |    26 |    48 ||    74

Table legend:
 A = Non-vault XP
 B = Vault XP
 C = Vault XP percentage of total XP
 D = Non-vault monster count
 E = Vault monster count
 F = Vault count percentage of total count
                 A         B        C        D         E       F
            +---------+---------+-------+---------+---------+-------
      Total |     232 |      80 |  25.6 |      61 |      18 |  22.8
            +---------+---------+-------+---------+---------+-------
        D:1 |      64 |       5 |   7.2 |      29 |       3 |   9.4
        D:2 |     111 |      37 |  25.0 |      26 |      12 |  31.6
        D:3 |      57 |      38 |  40.0 |       6 |       3 |  33.3
            +---------+---------+-------+---------+---------+-------
